AoeStats
← Gonz

QS Arena

503132941Analyzed
1v1 RM · 1mo ago on Aug 30, 2026· 17m 11s· 2 players
Game mode
Random Map
Map size
Tiny (2 player)
Population
200
Speed
Normal
Resources
Standard
Victory
Conquest
Starting age
Dark Age
Ending age
Imperial Age
RankedLock teamsTeams togetherTeam positionsShared explorationLock speedFull tech treeHidden civsTurbo modeCheats
Victory
Defeat
🇩🇪 Britons · Germany
1072
+15
🇦🇷 Spanish · Argentina
1046
-15
Gonz
7:10 Loom
8:57 Feudal Age
13:34 Castle Age
11:22 Double-Bit Axe
13:36 Padded Archer Armor
señor cleanfist
8:13 Feudal Age
9:16 Double-Bit Axe
9:53 Double-Bit Axe
11:52 Loom
14:51 Castle Age
13:19 Stone Mining
14:04 Fletching
14:44 Gold Mining
17:54 Bow Saw
Connection lost

Rejoining the realm…

Still unreachable

The connection could not be restored.

Session expired

The server has moved on; the page needs a fresh start.